 Dungeon Crawl Stone Soup version 0.29-a0-757-g358383bc75 (webtiles) character file.

Game seed: 7901928936289878902

203 zeratav the Ruffian (level 5, -1/53 HPs)
             Began as a Troll Fighter on July 1, 2022.
             Slain by an orc
             ... wielding a +0 dagger
              (4 damage)
             ... on level 4 of the Dungeon.
             The game lasted 00:03:20 (2534 turns).

zeratav the Ruffian (Troll Fighter)                 Turns: 2534, Time: 00:03:20

Health: -1/53      AC:  4    Str: 26    XL:     5   Next: 51%
Magic:  4/4        EV:  8    Int:  4    God:
Gold:   191        SH:  7    Dex:  9    Spells: 4/4 levels left

rFire   . . .      SeeInvis .     - Unarmed
rCold   . . .      Faith    .   b - +0 kite shield
rNeg    . . .      Spirit   .   a - +0 robe
rPois   +          Reflect  .   (helmet restricted)
rElec   .          Harm     .   (no cloak)
rCorr   .          Rampage  .   (gloves unavailable)
Will    .....                   (boots unavailable)
Stlth   +.........              (no amulet)
HPRegen 0.97/turn               l - ring of poison resistance
MPRegen 0.09/turn               (no ring)

@: no status effects
A: large, unfitting armour, claws 3, regeneration 1, shaggy fur 1, tough skin 1
a: no special abilities


You were on level 4 of the Dungeon.
You visited 1 branch of the dungeon, and saw 4 of its levels.

You collected 191 gold pieces.


Innate Abilities, Weirdness & Mutations

You are too large for most types of armour.
You have claws for hands.
Your natural rate of healing is unusually fast.
You are covered in fur. (AC +1)
You have tough skin. (AC +1)


   Skills:
 + Level 3.1 Fighting
 + Level 1.9 Throwing
 - Level 2.4 Dodging
 + Level 3.5 Shields
 + Level 3.9 Unarmed Combat


You had 4 spell levels left.
You didn't know any spells.
Your spell library was empty.

Inventory:

Missiles
 h - 5 curare-tipped darts (quivered) {=fthrowing}
 q - 2 boomerangs {throwing}
Armour
 a - a +0 robe (worn)
 b - a +0 kite shield (worn)
Jewellery
 l - a ring of poison resistance (left claw)
   (You found it on level 2 of the Dungeon)
Wands
 p - a wand of iceblast (11)
   (You found it on level 3 of the Dungeon)
Scrolls
 d - 3 scrolls of teleportation {unknown}
 e - 2 scrolls of magic mapping {unknown}
 f - a scroll of enchant weapon {unknown}
 g - 5 scrolls of identify {unknown}
 i - a scroll of amnesia {unknown}
 j - 2 scrolls of enchant armour {unknown}
 n - a scroll of silence {unknown}
 o - 2 scrolls of noise {unknown}
 r - a scroll of brand weapon {unknown}
Potions
 c - 2 potions of might
 k - a potion of lignification {unknown}
 m - 2 potions of attraction {unknown}

Dungeon Overview and Level Annotations

Branches:
Dungeon (4/15) Zot: 21441  Temple (0/1) D:4

Altars:

.. #.# #. #.##.##.## #.
#. .........# #)
.......... #. ..⌠...⌠..#
#. .........### ###.
....>......## #...
......{o.#..#. #.#.
..⌠...)@.##.#.#######.##
.......o....#.........#
.........#..###.......#
#.##.##.##.........#.###
. #. #.....#...#..)....
. #####.#...#..#.### .
#.#...#..#.# #.
#.#...#..#.#
#.#...#..#.#


You could see 2 orcs.


Message History

The hound bites you but does no damage. The orc closely misses you.
You barely miss the hound. The hound bites you.
The orc hits you with a +0 dagger. The hound bites you but does no damage.
HP[-4]
You take 4 damage, and now have 49/53 hp.
You scratch the hound. The hound barely misses you.
A hobgoblin comes into view.
The orc hits you but does no damage. The hound bites you but does no damage.
HP[+1]
You miss the hound. The orc completely misses you. You block the orc's attack.
The orc wizard gestures wildly while chanting.
The orc wizard flickers and vanishes!
Deactivating autopickup; reactivate with Ctrl-A.
The hound bites you.
You barely miss the hound.
The hobgoblin shouts!
The hound bites you. The orc hits you with a +0 mace. The hound bites you.
You closely miss the hound. The orc hits you but does no damage.
The orc hits you with a +0 dagger. You block the orc's attack.
The hound barely misses you. The hound bites you. You block the orc's attack.
HP[-12]
You take 12 damage, and now have 38/53 hp.
MASSIVE DAMAGE!! (PAUSE)
You claw the hound!
You kill the hound!
The orc hits you with a +0 dagger. Something hits you.
The orc barely misses you.
HP[-5]
You take 5 damage, and now have 33/53 hp.
You claw the orc!
You kill the orc!
You block the orc's attack. The orc closely misses you. Something hits you.
You claw the hobgoblin!
You kill the hobgoblin!
Something hits you. You block the orc's attack.
The orc hits you but does no damage.
HP[-4]
You take 4 damage, and now have 29/53 hp.
You closely miss the orc.
You hear some strange, mumbled words.
A puff of flame appears from out of thin air!
The puff of flame hits you!
* * * LOW HITPOINT WARNING * * *
The orc hits you with a +0 mace.
* * * LOW HITPOINT WARNING * * *
The orc barely misses you.
You are too injured to fight recklessly!
You are too injured to fight recklessly!
You are too injured to fight recklessly!
HP[-8]
You take 8 damage, and now have 21/53 hp.
You are too injured to fight recklessly!
You are too injured to fight recklessly!
You are too injured to fight recklessly!
You are too injured to fight recklessly!
You are too injured to fight recklessly!
You are too injured to fight recklessly!
You are too injured to fight recklessly!
You are too injured to fight recklessly!
You are too injured to fight recklessly!
You are too injured to fight recklessly!
You are too injured to fight recklessly!
You are too injured to fight recklessly!
You are too injured to fight recklessly!
You are too injured to fight recklessly!
You are too injured to fight recklessly!
You are too injured to fight recklessly!
You are too injured to fight recklessly!
You are too injured to fight recklessly!
You are too injured to fight recklessly!
You miss something. Something hits you.
* * * LOW HITPOINT WARNING * * *
The orc hits you with a +0 dagger.
* * * LOW HITPOINT WARNING * * *
The orc barely misses you.
HP[-3]
You take 3 damage, and now have 18/53 hp.
You miss something. Something hits you.
* * * LOW HITPOINT WARNING * * *
The orc closely misses you. The orc hits you but does no damage.
HP[-2]
You take 2 damage, and now have 16/53 hp.
You closely miss something. Something hits you.
* * * LOW HITPOINT WARNING * * *
The orc barely misses you. You block the orc's attack.
HP[-1]
You take 1 damage, and now have 15/53 hp.
You miss something. Something hits you.
* * * LOW HITPOINT WARNING * * *
The orc hits you with a +0 mace.
* * * LOW HITPOINT WARNING * * *
The orc hits you with a +0 dagger.
* * * LOW HITPOINT WARNING * * *
HP[-8]
You take 8 damage, and now have 7/53 hp.
You barely miss something. Something hits you but does no damage.
The orc hits you with a +0 mace.
* * * LOW HITPOINT WARNING * * *
The orc hits you with a +0 dagger.
You die...

Skill      XL: |  1  2  3  4 |
---------------+-------------+-----
Unarmed Combat | 3 |  3.9
Shields        | 3 |  3.5
Throwing       | 1 |  1.9
Fighting       | 3 |  3.1
Dodging        | |  2.4

Action                   |  1- 3 |  4- 6 || total
-------------------------+-------+-------++-------
Melee: Unarmed           |   107 |    91 ||   198
Throw: Dart              |       |     1 ||     1
Armor: Robe              |    47 |    36 ||    83
Dodge: Dodged            |    37 |    39 ||    76
Block: Kite shield       |    31 |    46 ||    77

Levels and vault maps discovered:
D:1:      co_arrival_square_in_a_square_in_a_square, layout_basic,
          minmay_misc_feat_ornament, chequers_serial_rivers_room_b
D:2:      layout_basic, nicolae_ecumenical_pavilion
D:3:      layout_basic
D:4:      layout_basic, nicolae_vehumet_altar_sigil,
          minmay_temple_entry_large_hall

Notes
Turn   | Place    | Note
-------+----------+-------------------------------------------
     0 | D:1      | zeratav the Troll Fighter began the quest for the Orb.
     0 | D:1      | Reached XP level 1. HP: 22/22 MP: 0/0
     0 | D:1      | magus.rc [v1.9.6]
    69 | D:1      | Reached XP level 2. HP: 29/29 MP: 1/1
   141 | D:1      | Reached skill level 3 in Unarmed Combat
   568 | D:1      | Reached XP level 3. HP: 36/36 MP: 2/2
   700 | D:2      | Found a faded altar of an unknown god.
   888 | D:2      | Reached skill level 3 in Shields
   904 | D:2      | Reached skill level 1 in Throwing
  1510 | D:3      | Reached XP level 4. HP: 40/44 MP: 3/3
  1842 | D:3      | HP: 10/44 [kobold/+0 club (2)]
  1849 | D:3      | HP: 5/44 [gnoll/+0 flail (10)]
  1857 | D:3      | HP: 9/44 [gnoll/+0 flail (4)]
  1913 | D:2      | Reached skill level 3 in Fighting
  1924 | D:3      | Reached XP level 5. HP: 50/53 MP: 4/4
  2517 | D:4      | Found a staircase to the Ecumenical Temple.
  2533 | D:4      | HP: 9/53 [orc/+0 mace (6)]
  2534 | D:4      | HP: 3/53 [orc/+0 mace (5)]
  2534 | D:4      | Slain by an orc

Vanquished Creatures
  A hound (D:4)
  An iguana (D:3)
  3 adders
  4 gnolls
  A worm (D:3)
  A dart slug (D:1)
  6 orcs
  4 ball pythons
  12 bats
  3 endoplasms
  2 giant cockroaches (D:1)
  5 goblins
  8 hobgoblins
  6 quokkas
  4 frilled lizards
  6 kobolds
  3 rats
70 creatures vanquished.

Table legend:
 A = Non-vault XP
 B = Vault XP
 C = Vault XP percentage of total XP
 D = Non-vault monster count
 E = Vault monster count
 F = Vault count percentage of total count
                 A         B        C        D         E       F
            +---------+---------+-------+---------+---------+-------
      Total |     291 |       0 |   0.0 |      70 |       0 |   0.0
            +---------+---------+-------+---------+---------+-------
        D:1 |      48 |       0 |   0.0 |      27 |       0 |   0.0
        D:2 |      89 |       0 |   0.0 |      16 |       0 |   0.0
        D:3 |      87 |       0 |   0.0 |      19 |       0 |   0.0
        D:4 |      67 |       0 |   0.0 |       8 |       0 |   0.0
            +---------+---------+-------+---------+---------+-------

Illustrated notes

Table legend:
 A = Kills in this place as a percentage of kills in entire the game.
 B = Kills by you in this place as a percentage of kills by you in the entire game.
 C = Kills by friends in this place as a percentage of kills by friends in the entire game.
 D = Other kills in this place as a percentage of other kills in the entire game.
 E = Experience gained in this place as a percentage of experience gained in the entire game.
 F = Experience gained in this place divided by the number of levels of this place that you have seen.
                   A       B       C       D       E      F
               +-------+-------+-------+-------+-------+----------------------
         Total | 100.0 | 100.0 |   N/A |   N/A | 100.0 |  72.8
       Dungeon | 100.0 | 100.0 |   N/A |   N/A | 100.0 |  72.8
               +-------+-------+-------+-------+-------+----------------------

Table legend: (Time is in decaauts)
 A = Elapsed time spent in this place.
 B = Non-inter-level travel time spent in this place.
 C = Inter-level travel time spent in this place.
 D = Time resting spent in this place.
 E = Time spent auto-exploring this place.
 F = Levels seen in this place.
 G = Mean time per level.
                   A        B        C        D        E       F      G
               +--------+--------+--------+--------+--------+-----+--------+
         Total |   2557 |   2486 |     71 |     33 |   1976 |   4 |  639.2 |
       Dungeon |   2557 |   2486 |     71 |     33 |   1976 |   4 |  639.2 |
               +--------+--------+--------+--------+--------+-----+--------+

Top non-repeatable levels by time:
     D:3: 897 daAuts
     D:2: 858 daAuts
     D:1: 710 daAuts
     D:4: 91 daAuts
